 Seeded DCSS version 0.29.1-13-g9f3cf754e1 (webtiles) character file.

Game seed: 16245865983455551772 (custom seed)

254 Trevise the Grave Robber (level 5, 0/35 HPs)
             Began as a Vampire Necromancer on Jan 24, 2023.
             Slain by an ogre
             ... wielding a +0 giant club
              (33 damage)
             ... on level 4 of the Dungeon.
             The game lasted 00:09:48 (3161 turns).

Trevise the Grave Robber (Vampire Necromancer)      Turns: 3161, Time: 00:09:48

Health: 0/35       AC:  4    Str:  7    XL:     5   Next: 90%
Magic:  2/10       EV: 12    Int: 32    God:
Gold:   498        SH:  0    Dex: 14    Spells: 3/11 levels left

rFire   . . .      SeeInvis +   g - staff of death {rN+}
rCold   . . .      Faith    .   (no shield)
rNeg    + + .      Spirit   .   a - +0 robe
rPois   .          Reflect  .   f - +1 hat of Indecent Exposure {+Inv rN+ Regen+}
rElec   .          Harm     .   (no cloak)
rCorr   .          Rampage  .   (no gloves)
Will    .....                   o - +0 pair of boots {Fly}
Stlth   ++........              q - amulet of regeneration
HPRegen 1.91/turn               I - +6 ring of intelligence
MPRegen 0.12/turn               h - +6 ring of intelligence

@: flying, healing quickly
A: alive, fangs 3, see invisible, vampiric 2
a: Exsanguinate, Evoke Invisibility


You were on level 4 of the Dungeon.
You visited 1 branch of the dungeon, and saw 4 of its levels.

You collected 685 gold pieces.
You spent 187 gold pieces at shops.

Inventory:

Missiles
 d - 6 poisoned darts
 s - 22 stones
Armour
 a - a +0 robe (worn)
 f - the +1 hat of Indecent Exposure (worn) {+Inv rN+ Regen+}
   (You acquired it on level 1 of the Dungeon)

   rN:        It protects you from negative energy.
   +Inv:      It lets you turn invisible.
   Regen:     It increases your rate of health regeneration.
 o - a +0 pair of boots of flying (worn)
   (You bought it in a shop on level 3 of the Dungeon)
Magical Staves
 g - a staff of death (weapon) {rN+}
   (You acquired it on level 1 of the Dungeon)
Jewellery
 h - a +6 ring of intelligence (right hand)
   (You found it on level 1 of the Dungeon)
 q - an amulet of regeneration (around neck)
   (You found it on level 3 of the Dungeon)
 I - a +6 ring of intelligence (left hand)
   (You found it on level 1 of the Dungeon)
Wands
 m - a wand of roots (4)
   (You found it on level 3 of the Dungeon)
Scrolls
 e - 2 scrolls of teleportation {unknown}
 j - a scroll of summoning {unknown}
 k - 3 scrolls of identify {unknown}
 l - a scroll of enchant weapon {unknown}
 n - a scroll of noise {unknown}
 p - a scroll of immolation {unknown}
Potions
 b - a potion of might {unknown}
 c - 2 potions of flight {unknown}
 i - a potion of lignification {unknown}
 M - a potion of magic


   Skills:
 - Level 2.3 Dodging
 - Level 3.3 Stealth
 + Level 3.6 Spellcasting
 * Level 6.8 Necromancy


You had 3 spell levels left.
You knew the following spells:

 Your Spells              Type           Power      Damage    Failure   Level
a - Necrotise             Necr           100%       1d9       1%          1
x - Vampiric Draining     Necr           65%        2d10      1%          3
A - Animate Dead          Necr           65%        N/A       3%          4

Your spell library contained the following spells:

 Spells                   Type           Power      Damage    Failure   Level
 Sting                    Tmut/Pois      20%        1d4       6%          1
 Poisonous Vapours        Pois/Air       10%        N/A       9%          2
 Agony                    Necr           65%        N/A       10%         5
 Olgreb's Toxic Radiance  Pois           5%         N/A       52%         4
 Chain Lightning          Conj/Air       2%         3d3       100%        9
 Fire Storm               Conj/Fire      2%         8d1       100%        9
 Shatter                  Erth           2%         3d6*      100%        9


Dungeon Overview and Level Annotations

Branches:
Dungeon (4/15)
 Temple: D:4-7

Altars:

Shops:
D:3 [


Innate Abilities, Weirdness & Mutations

Your natural rate of healing is accelerated.
You have razor-sharp teeth.
You have supernaturally acute eyesight. (SInv)
You are afflicted with vampirism and can become a bat while bloodless.


Message History

The orc barely misses your orc skeleton.
Your orc skeleton barely misses the orc wizard.
Aim: an orc wizard, wielding a +0 dagger and wearing a +0 robe (moderately wounded, ally target, chance to affect: 83%)
You feel a surge of power!
The orc wizard writhes in agony.
You now have 8/10 mp.
You miss the orc wizard.
Your orc skeleton closely misses the orc wizard.
The orc wizard hits you but does no damage.
Aim: an orc wizard, wielding a +0 dagger and wearing a +0 robe (severely wounded, ally target, chance to affect: 83%)
You feel a surge of power!
The orc wizard writhes in agony!
You kill the orc wizard!
Your orc skeleton closely misses the orc.
Aim: an orc, wielding a +0 dagger (ally target, chance to affect: 93%)
You feel a surge of power!
The orc writhes in agony.
The orc completely misses you.
Your orc skeleton barely misses the orc.
You now have 7/10 mp.
Aim: an orc, wielding a +0 dagger (lightly wounded, ally target, chance to affect: 93%)
You feel a surge of power!
The orc writhes in agony.
The orc hits you but does no damage.
Your orc skeleton hits the orc.
You now have 6/10 mp.
Aim: an orc, wielding a +0 dagger (almost dead, ally target, chance to affect: 93%)
You feel a surge of power!
The orc writhes in agony!
You kill the orc!
The dead are walking!
You now have 5/10 mp.
Your orc skeleton crumbles into dust!
Your orc wizard skeleton crumbles into dust!
Your orc skeleton crumbles into dust!
Items here: )))) [[.
Found a stone staircase leading up.
MP restored: 10
q - an amulet of regeneration
Okay, then.
You start putting on your amulet.
You continue putting on your amulet of regeneration. x5
You finish putting on your amulet of regeneration.
The amulet throbs as it attunes itself to your uninjured body.
q - an amulet of regeneration (around neck)
Okay, then.
There is a stone staircase leading down here.
There is an open door here.
You now have 489 gold pieces (gained 8).
Done exploring.
Done exploring.
Done exploring.
Unknown command.
Done exploring.
Done exploring.
(D) Dungeon
Where to? (Enter - D:3, ? - help)
There is an open door here.
There is a stone staircase leading down here.
You fly downwards.
There is a stone staircase leading up here.
You now have 498 gold pieces (gained 9).
A goblin comes into view. It is wielding a +0 club.
You feel a surge of power!
The goblin shouts!
The goblin writhes in agony!
You kill the goblin!
The dead are walking!
A kobold comes into view. It is wielding a +0 short sword.
You now have 9/10 mp.
The kobold shouts!
You feel a surge of power!
The kobold writhes in agony.
You now have 8/10 mp.
You feel a surge of power!
The kobold writhes in agony.
You now have 7/10 mp.
You feel a surge of power!
The kobold writhes in agony!
You kill the kobold!
The dead are walking!
An ogre comes into view. It is wielding a +0 giant club.
You now have 6/10 mp.
You swap places.
You feel a surge of power!
The ogre writhes in agony.
You swap places.
The ogre hits you with a +0 giant club!!
Ouch! That really hurt!
You take 18 damage, and have 17/35 hp.
MASSIVE DAMAGE!!
Your goblin skeleton barely misses the ogre.
Your kobold skeleton hits the ogre.
You regained 2 hp, and now have 19/35 hp.
Your goblin skeleton hits the ogre.
You regained 2 hp, and now have 21/35 hp.
Your kobold skeleton hits the ogre but does no damage.
You regained 2 hp, and now have 23/35 hp.
Your goblin skeleton hits the ogre.
You regained 2 hp, and now have 25/35 hp.
Aim: an ogre, wielding a +0 giant club (moderately wounded, ally target, chance to affect: 83%)
You feel a surge of power!
The ogre writhes in agony.
You regained 2 hp, and now have 27/35 hp.
You now have 5/10 mp.
Aim: an ogre, wielding a +0 giant club (moderately wounded, ally target)
You feel a surge of power!
You draw life force from the ogre!
You feel life coursing into your body.
The ogre hits you with a +0 giant club!!
Ouch! That really hurt!
You die...

. #.# ..
#.##.#######.########
..#
#....................
..######.#####..##.....#
.
..................#####
..##............#####
.................#
.##....).........#
.........ZO@.$...##
.##.....Z.........#
......(...........#
..#.............#... .
###..........####..
....[.....### #.
########)...# ##...#
###..


You could see an ogre (ally target), a friendly goblin skeleton and a friendly
kobold skeleton.

Vanquished Creatures
  An orc priest (D:3)
  Jessica (D:2)
  2 orc wizards (D:3)
  Natasha (twice) (D:3)
  2 adders
  4 orcs (D:3)
  4 ball pythons
  3 bats
  4 endoplasms
  2 goblins
  7 hobgoblins
  5 kobolds
  3 quokkas (D:1)
  3 frilled lizards
  6 rats
49 creatures vanquished.

Vanquished Creatures (collateral kills)
  Natasha (D:3)
  An endoplasm (D:1)
  A goblin (D:1)
  A ball python (D:3)
  A rat (D:3)
5 creatures vanquished.

Vanquished Creatures (others)
  A rat zombie (D:3)
  2 plants (D:3)
3 creatures vanquished.

Grand Total: 57 creatures vanquished

Notes
Turn   | Place    | Note
-------+----------+-------------------------------------------
     0 | D:1      | Trevise the Vampire Necromancer began the quest for the
                  | Orb.
     0 | D:1      | Reached XP level 1. HP: 13/13 MP: 3/3
   132 | D:1      | Identified 3 scrolls of acquirement
   132 | D:1      | Acquired the +1 hat of Indecent Exposure {+Inv rN+ Regen+}
   139 | D:1      | Acquired a staff of death
   146 | D:1      | Acquired 530 gold pieces
   261 | D:1      | Found a faded altar of an unknown god.
   281 | D:1      | Reached XP level 2. HP: 17/17 MP: 3/5
  1620 | D:2      | Reached skill level 5 in Necromancy
  1620 | D:2      | Gained mutation: You are afflicted with vampirism and can
                  | become a bat while bloodless. [Vampire growth]
  1620 | D:2      | Reached XP level 3. HP: 21/21 MP: 3/6
  1624 | D:2      | Learned a level 3 spell: Vampiric Draining
  1669 | D:2      | Noticed Jessica
  1675 | D:2      | Killed Jessica
  2256 | D:3      | Reached XP level 4. HP: 30/30 MP: 4/8
  2261 | D:3      | Learned a level 4 spell: Animate Dead
  2422 | D:3      | Found Ymmy Ciutu's Antique Armour Shoppe.
  2428 | D:3      | Bought a pair of embroidered boots for 187 gold pieces
  2521 | D:3      | Noticed Natasha
  2525 | D:3      | Killed Natasha
  2580 | D:3      | Reached skill level 3 in Spellcasting
  2580 | D:3      | Reached skill level 6 in Necromancy
  2593 | D:3      | Noticed Natasha
  2596 | D:3      | Reached XP level 5. HP: 35/35 MP: 5/9
  2604 | D:3      | Killed Natasha
  2624 | D:3      | Noticed Natasha
  2630 | D:3      | Killed Natasha
  3151 | D:4      | Noticed an ogre
  3161 | D:4      | Slain by an ogre

Illustrated notes

Levels and vault maps discovered:
D:1:      minmay_arrival_hallway, layout_loops_corners, basic_ecumenical_altar,
          minmay_unequal
D:2:      layout_loops_ring, uniq_jessica
D:3:      layout_basic, serial_shops, nicolae_shop_advertising_works
          [nicolae_subvault_shop_adworks], minmay_shallow_snake_nest,
          uniq_natasha
D:4:      layout_rooms, grunt_dithmenos_smoke_and_mirrors,
          makhleb_blood_cavern_becter, slow_altar_1, serial_shops,
          nicolae_square_shop, nicolae_shop_temple_entry_statues_fountains,
          kennysheep_mini_moat, chequers_serial_rivers_large_a,
          minmay_fractal_squares_gapless_5

Skill      XL: |  1  2  3  4 |
---------------+-------------+-----
Necromancy     | 5 6 |  6.8
Spellcasting   | 3 |  3.6
Dodging        | |  2.3
Stealth        | |  3.3

Action                   |  1- 3 |  4- 6 || total
-------------------------+-------+-------++-------
Melee: Staff             |    12 |    16 ||    28
       Bite              |     1 |     1 ||     2
 Cast: Necrotise         |    43 |    47 ||    90
       Animate Dead      |       |     2 ||     2
       Vampiric Draining |       |     1 ||     1
 Abil: Exsanguinate      |     1 |       ||     1
       Revivify          |     1 |       ||     1
  Use: Scroll            |     3 |       ||     3
Armor: Robe              |     4 |     6 ||    10
Dodge: Dodged            |    11 |     9 ||    20

Table legend: (Time is in decaauts)
 A = Elapsed time spent in this place.
 B = Non-inter-level travel time spent in this place.
 C = Inter-level travel time spent in this place.
 D = Time resting spent in this place.
 E = Time spent auto-exploring this place.
 F = Levels seen in this place.
 G = Mean time per level.
                   A        B        C        D        E       F      G
               +--------+--------+--------+--------+--------+-----+--------+
         Total |   3185 |   3021 |    164 |      0 |   2682 |   4 |  796.2 |
       Dungeon |   3185 |   3021 |    164 |      0 |   2682 |   4 |  796.2 |
               +--------+--------+--------+--------+--------+-----+--------+

Top non-repeatable levels by time:
     D:1: 1276 daAuts
     D:3: 1096 daAuts
     D:2: 774 daAuts
     D:4: 38 daAuts

Table legend:
 A = Kills in this place as a percentage of kills in entire the game.
 B = Kills by you in this place as a percentage of kills by you in the entire game.
 C = Kills by friends in this place as a percentage of kills by friends in the entire game.
 D = Other kills in this place as a percentage of other kills in the entire game.
 E = Experience gained in this place as a percentage of experience gained in the entire game.
 F = Experience gained in this place divided by the number of levels of this place that you have seen.
                   A       B       C       D       E      F
               +-------+-------+-------+-------+-------+----------------------
         Total | 100.0 | 100.0 | 100.0 |   N/A | 100.0 |  90.8
       Dungeon | 100.0 | 100.0 | 100.0 |   N/A | 100.0 |  90.8
               +-------+-------+-------+-------+-------+----------------------
